Map: 어비설 리프 - 래더

Players

Stats - Winner!

  • Race: Protoss Protoss
  • Spawn Location: 5:00

Dana

  • Race: Zerg Zerg
  • Spawn Location: 11:00

Event: IEM XI Katowice - World Championship 2017

VOD

Have the link to the VOD?

Description

Time

  • Played on: Feb. 27, 2017, 4:54 a.m.
  • Length: 12:16

All games in this series

Show
View Real Time Build Order
Export as new Build Order

Stats Protoss - Winner!

Build Orders: 1 Gate Expand 

Get SALT Encoding   

  12  0:01  Probe (Chrono Boost)  
  13  0:11  Probe (Chrono Boost)  
  14  0:20  Pylon  
  14  0:22  Probe (Chrono Boost)  
  15  0:38  Probe (Chrono Boost)  
  15  0:39  Gateway  
  16  0:48  Probe (Chrono Boost)  
  16  0:49  Assimilator  
  17  0:58  Pylon  
  17  0:59  Probe (Chrono Boost)  
  18  1:09  Probe (Chrono Boost)  
  19  1:20  Probe (Chrono Boost)  
  20  1:27  Nexus  
  20  1:37  Cybernetics Core  
  21  1:40  Probe (Chrono Boost)  
  21  1:46  Assimilator  
  21  1:50  Probe (Chrono Boost)  
  22  1:56  Pylon  
  22  2:01  Probe (Chrono Boost)  
  23  2:10  Adept  
  23  2:14  Warp Gate  
  26  2:16  Probe (Chrono Boost)  
  26  2:28  Twilight Council, Probe (Chrono Boost)  
  27  2:34  Adept  
  27  2:39  Probe (Chrono Boost)  
  27  2:40  Probe (Chrono Boost)  
  31  2:50  Probe (Chrono Boost)  
  33  2:52  Resonating Glaives, Probe (Chrono Boost)  
  33  3:00  Adept, Probe (Chrono Boost)  
  33  3:04  Probe (Chrono Boost)  
  37  3:12  Probe (Chrono Boost)  
  38  3:16  Probe (Chrono Boost)  
  38  3:17  Gateway  
  39  3:20  Gateway  
  40  3:27  Adept, Probe (Chrono Boost)  
  40  3:30  Probe (Chrono Boost)  
  40  3:33  Pylon  
  41  3:42  Probe (Chrono Boost)  
  41  3:44  Probe (Chrono Boost)  
  43  3:49  Robotics Facility  
  43  3:53  Probe (Chrono Boost)  
  45  3:56  Probe (Chrono Boost)  
  45  3:57  Assimilator  
  45  3:59  Assimilator  
  45  4:03  Probe (Chrono Boost)  
  45  4:05  Pylon  
  45  4:08  Probe (Chrono Boost)  
  47  4:12  Pylon  
  47  4:17  Adept x3  
  53  4:29  Probe (Chrono Boost)  
  53  4:30  Probe (Chrono Boost)  
  55  4:32  Warp Prism  
  57  4:39  Sentry x3  
  57  4:40  Mothership Core (Chrono Boost)  
  57  4:42  Probe (Chrono Boost)  
  57  4:43  Pylon  
  66  4:58  Pylon  
  66  5:02  Probe (Chrono Boost)  
  66  5:03  Immortal  
  66  5:04  Probe (Chrono Boost)  
  66  5:05  Pylon  
  68  5:07  Sentry x2  
  76  5:15  Sentry  
  76  5:19  Nexus  
  80  5:21  Probe (Chrono Boost)  
  80  5:23  Probe (Chrono Boost)  
  80  5:29  Pylon  
  80  5:34  Probe (Chrono Boost)  
  82  5:36  Probe (Chrono Boost)  
  82  5:37  Immortal  
  86  5:42  Sentry  
  86  5:43  Sentry  
  86  5:46  Probe (Chrono Boost)  
  86  5:47  Gateway  
  86  5:48  Probe (Chrono Boost)  
  92  5:51  Gateway  
  92  6:00  Gateway  
  92  6:03  Gateway  
  94  6:04  Probe (Chrono Boost)  
  94  6:05  Probe (Chrono Boost)  
  94  6:15  Probe (Chrono Boost)  
  94  6:18  Probe (Chrono Boost)  
  100  6:19  Observer  
  97  6:26  Gateway  
  97  6:27  Pylon  
  97  6:28  Probe (Chrono Boost)  
  97  6:30  Probe (Chrono Boost)  
  97  6:31  Adept x3  
  105  6:33  Probe (Chrono Boost)  
  105  6:35  Pylon  
  105  6:38  Forge  
  106  6:55  Adept  
  106  6:56  Adept x5  
  106  6:58  Adept  
  120  7:01  Protoss Ground Weapons Level 1  
  116  7:12  Immortal  
  116  7:14  Probe (Chrono Boost)  
  107  7:16  Assimilator x2, Probe x2 (Chrono Boost)  
  101  7:23  Adept x2  
  101  7:24  Adept x4  
  101  7:29  Adept  
  103  7:30  Adept  
  93  7:40  Blink  
  83  7:46  Immortal  
  83  7:48  Probe x3 (Chrono Boost)  
  82  7:56  Sentry x3  
  82  7:57  Adept x4, Sentry  
  105  8:07  Probe x3 (Chrono Boost)  
  105  8:08  Robotics Facility  
  105  8:18  Nexus  
  105  8:19  Pylon  
  105  8:21  Immortal  
  109  8:31  Pylon  
  109  8:37  Stalker x3  
  109  8:38  Sentry, Stalker  
  109  8:39  Sentry  
  109  8:40  Stalker  
  123  8:42  Stalker, Protoss Ground Weapons Level 2  
  125  8:52  Immortal  
  125  8:57  Photon Cannon, Immortal  
  133  9:14  Probe (Chrono Boost)  
  133  9:15  Probe x2 (Chrono Boost)  
  136  9:26  Immortal  
  136  9:31  Immortal  
  144  9:43  Stalker  
  144  9:44  Stalker x5  
  144  9:45  Stalker x2  
  158  9:52  Templar Archives  
  158  10:04  Assimilator, Pylon  
  158  10:05  Assimilator  
  158  10:06  Pylon  
  158  10:08  Pylon  
  122  10:22  Charge  
  108  10:29  Stalker x7  
  108  10:30  Stalker  
  118  10:36  Immortal  
  118  10:40  Immortal  
  114  11:00  Stalker  
  114  11:01  Stalker  
  114  11:02  Zealot x6  
  126  11:13  Immortal  
  126  11:17  Observer  
  131  11:28  Adept x8  
  151  11:52  Stalker x4  
  151  11:53  Zealot x3, Stalker  
Show
View Real Time Build Order
Export as new Build Order

Dana Zerg 

Build Orders: Pool First, Lurkers 

Get SALT Encoding   

  12  0:00  Drone  
  13  0:12  Overlord  
  13  0:17  Drone  
  14  0:31  Drone x2  
  14  0:34  Drone  
  17  0:51  Drone  
  17  0:53  Spawning Pool  
  17  0:56  Drone  
  18  0:58  Extractor  
  17  1:16  Hatchery  
  16  1:19  Drone  
  16  1:23  Drone  
  18  1:29  Drone  
  19  1:39  Queen  
  21  1:45  Overlord  
  21  1:49  Zergling x2  
  22  2:03  Drone  
  23  2:11  Drone  
  23  2:13  Metabolic Boost  
  24  2:17  Queen  
  24  2:22  Drone  
  27  2:34  Hatchery  
  27  2:36  Drone  
  27  2:40  Drone  
  27  2:42  Drone  
  29  2:45  Drone  
  29  2:49  Overlord  
  30  2:53  Drone  
  30  2:54  Drone  
  30  2:58  Drone  
  33  3:00  Drone  
  33  3:02  Drone  
  35  3:08  Drone  
  35  3:13  Zergling x2  
  35  3:19  Zergling x6  
  39  3:20  Zergling x2  
  39  3:23  Overlord  
  39  3:25  Drone x2  
  39  3:26  Drone  
  43  3:32  Roach Warren, Drone  
  43  3:35  Drone  
  42  3:41  Drone  
  42  3:44  Drone  
  42  3:45  Queen  
  42  3:46  Drone  
  47  3:51  Drone  
  47  3:52  Drone x2  
  47  3:53  Drone  
  51  3:58  Drone x2  
  51  4:00  Drone  
  51  4:01  Overlord  
  54  4:03  Drone  
  54  4:08  Overlord  
  54  4:09  Drone  
  56  4:10  Drone  
  56  4:12  Evolution Chamber  
  55  4:19  Overlord  
  55  4:21  Roach x2  
  55  4:22  Extractor  
  58  4:27  Roach x3  
  66  4:31  Zergling x4, Roach x2  
  66  4:35  Zergling x4  
  70  4:40  Zerg Missile Weapons Level 1  
  70  4:41  Zergling x4  
  70  4:44  Zergling x2  
  73  4:50  Drone  
  73  4:52  Drone  
  73  4:54  Overlord  
  73  4:56  Drone  
  73  4:57  Drone x2  
  76  5:02  Lair, Overlord  
  76  5:04  Overlord, Drone x2  
  76  5:06  Zergling x2  
  79  5:07  Extractor  
  79  5:09  Roach  
  79  5:10  Roach  
  79  5:13  Overlord  
  79  5:14  Drone  
  83  5:16  Overlord, Extractor  
  83  5:17  Drone  
  83  5:19  Extractor x2, Drone  
  82  5:25  Drone  
  82  5:26  Drone  
  84  5:30  Overlord  
  84  5:33  Drone x3  
  87  5:39  Overlord  
  87  5:42  Drone x5  
  90  5:43  Drone  
  90  5:47  Roach  
  90  5:57  Overlord  
  90  5:58  Drone x3  
  90  5:59  Drone x2  
  90  6:02  Hydralisk Den  
  90  6:04  Overlord  
  93  6:07  Glial Reconstitution  
  93  6:08  Roach x2  
  95  6:14  Roach x4  
  95  6:15  Drone x2  
  95  6:17  Drone  
  95  6:18  Drone x2  
  108  6:25  Drone  
  109  6:27  Overlord  
  109  6:31  Lurker Den  
  109  6:32  Hydralisk x2  
  109  6:33  Hydralisk x2  
  109  6:35  Zerg Missile Weapons Level 2  
  109  6:39  Hydralisk  
  119  6:40  Hydralisk  
  119  6:44  Roach  
  119  6:45  Roach  
  119  6:46  Roach  
  127  6:47  Roach  
  127  6:50  Overlord  
  127  6:52  Roach  
  127  6:53  Zergling x2  
  132  6:57  Roach  
  132  6:58  Roach x2  
  132  7:01  Overlord  
  138  7:05  Hydralisk  
  138  7:06  Hydralisk  
  129  7:10  Zergling x2, Roach  
  129  7:14  Roach x2  
  119  7:16  Zergling x2  
  104  7:23  Zergling x2, Roach x2  
  104  7:28  Hydralisk  
  101  7:31  Overseer  
  101  7:33  Roach  
  101  7:35  Roach  
  92  7:39  Zergling x2  
  92  7:40  Drone  
  81  7:44  Drone  
  81  7:45  Drone  
  81  7:46  Drone  
  84  7:53  Drone  
  85  8:00  Queen  
  85  8:03  Overlord, Drone  
  85  8:04  Drone x5  
  93  8:09  Hydralisk  
  93  8:10  Hydralisk  
  97  8:16  Hydralisk  
  97  8:17  Hydralisk  
  97  8:19  Drone  
  100  8:27  Drone x2  
  100  8:28  Drone x3  
  105  8:41  Drone  
  106  8:45  Drone x2  
  106  8:46  Hatchery, Drone  
  108  8:52  Hydralisk x2  
  112  8:56  Zerg Ground Armor Level 1  
  112  8:57  Ravager  
  112  8:59  Ravager  
  112  9:00  Lurker x2  
  112  9:01  Lurker  
  112  9:02  Lurker  
  118  9:07  Overseer  
  118  9:09  Roach  
  124  9:10  Roach x2  
  124  9:16  Hydralisk  
  124  9:17  Hydralisk  
  124  9:21  Hydralisk x2  
  124  9:22  Roach  
  134  9:29  Overseer  
  134  9:31  Lurker x2  
  134  9:36  Hydralisk x2  
  134  9:37  Roach x3  
  135  9:43  Roach  
  135  9:44  Roach x2  
  139  9:47  Roach  
  139  9:48  Roach x2  
  139  9:51  Overlord  
  145  9:57  Overlord  
  145  10:01  Overlord  
  145  10:02  Roach x3  
  149  10:13  Zergling x6, Roach x2  
  128  10:24  Hydralisk x3  
  128  10:25  Zergling x4  
  128  10:38  Zergling x12  
  115  10:50  Zergling x4, Roach x2  
  117  11:01  Lurker x4  
  120  11:06  Hatchery, Roach x5  
  125  11:14  Zergling x4  
  125  11:16  Zergling x4  
  128  11:19  Queen  
  128  11:20  Hydralisk x2  
  134  11:28  Roach x2  
  134  11:32  Roach  
  133  11:36  Hydralisk x3  
  133  11:37  Roach  
  136  11:42  Roach  
  121  11:51  Roach  
  121  11:52  Roach x2  
  126  11:57  Roach  

Tags
 
Add a new tag
Caveats
  • Supply blocks, unpowered buildings, or Contaminate may cause inaccurate times.
  • Supply counts are checked every 10 seconds.